 Dungeon Crawl Stone Soup version 0.29-a0-490-g77b3608bb8 (webtiles) character file.

Game seed: 668814171992374684

2438 rocky1 the Thaumaturge (level 9, -7/62 HPs)
             Began as a Djinni Fire Elementalist on May 18, 2022.
             Was a Believer of Ashenzari.
             Killed from afar by an electric eel (12 damage)
             ... with a bolt of electricity
             ... in a bailey on May 27, 2022.
             The game lasted 00:26:08 (8096 turns).

rocky1 the Thaumaturge (Djinni Fire Elementalist)   Turns: 8096, Time: 00:26:08

Health: -7/62      AC:  4    Str:  7    XL:     9   Next: 77%
Gold:   300        EV: 12    Int: 22    God:    Ashenzari [**....] SH:  0 Dex: 13

rFire   + + .      SeeInvis +   B - +2 short sword of Cremastomancy {protect, Self, Fort} (curse)
rCold   x . .      Faith    .   (no shield)
rNeg    . . .      Spirit   .   h - +0 leather armour "Share My Morality" {Cun, Fort} (curse)
rPois   ∞          Reflect  .   (no helmet)
rElec   .          Harm     .   (no cloak)
rCorr   .          Rampage  .   z - +0 pair of gloves of Ashenzari's Elitism {Self, Range} (curse)
Will    .....                   (boots unavailable)
Stlth   ++........              (no amulet)
HPRegen 0.20/turn               (no ring)
MPRegen 0.00/turn               (no ring)

@: flying
A: sickness immunity, fire resistance 2, cold vulnerability 1, float, innate
caster, HP casting, extra vitality 1
a: Renounce Religion, Shatter the Chains


You were in a bailey.
You worshipped Ashenzari.
Ashenzari was pleased with you.
You visited 2 branches of the dungeon, and saw 8 of its levels.
You also visited: Bailey.

You collected 300 gold pieces.

Inventory:

Hand Weapons
 a - a +0 short sword of venom
 B - the cursed +2 short sword of Cremastomancy (weapon) {protect, Self, Fort}
   (You took it off a kobold on level 6 of the Dungeon)

   It grants its wielder temporary protection when it strikes (+7 to AC).
   It has a curse which improves the following skills: Introspection: Fighting
   and Spellcasting.
   Fortitude: Armour and Shields.
Missiles
 w - 8 poisoned darts
Armour
 h - the cursed +0 leather armour "Share My Morality" (worn) {Cun, Fort}
   (You found it on level 1 of the Dungeon)

   It has a curse which improves the following skills: Cunning: Dodging and
   Stealth.
   Fortitude: Armour and Shields.
 z - the cursed +0 pair of gloves of Ashenzari's Elitism (worn) {Self, Range}
   (You found it on level 3 of the Dungeon)

   It has a curse which improves the following skills: Introspection: Fighting
   and Spellcasting.
   Ranged Combat: Slings, Bows, Crossbows and Throwing.
Wands
 q - a wand of iceblast (8)
 s - a wand of flame (34)
Scrolls
 d - 2 scrolls of poison
 f - a scroll of enchant weapon
 i - 3 scrolls of teleportation
 l - a scroll of immolation
 m - 4 scrolls of fog
 n - 2 scrolls of magic mapping
 x - 2 scrolls of blinking
 y - 3 scrolls of noise
Potions
 b - 6 potions of curing
 c - a potion of attraction
 e - 2 potions of cancellation
 g - a potion of invisibility
 j - 2 potions of mutation
 k - 2 potions of flight
 o - 3 potions of brilliance
 r - 2 potions of ambrosia
 t - a potion of magic
 u - 2 potions of might
 v - 2 potions of berserk rage
 A - 2 potions of haste


   Skills:
 + Level 2.6(4.2) Fighting
 - Level 2.1(3.1) Dodging
 - Level 1.5(2.4) Stealth
 + Level 9.6(11.5) Spellcasting
 + Level 1.8 Evocations


You had 9 spell levels left.
You knew the following spells:

 Your Spells              Type           Power      Damage    Failure   Level
a - Foxfire               Conj/Fire      100%       2x1d9     1%          1
b - Scorch                Fire           100%       2d10      1%          2
c - Conjure Flame         Conj/Fire      59%        6-21      1%          3
d - Inner Flame           Hex/Fire       59%        N/A       1%          3
e - Flame Wave            Conj/Fire      59%        2d11      1%          4
f - Slow                  Hex            100%       N/A       1%          1
g - Static Discharge      Conj/Air       59%        N/A       1%          2
h - Lesser Beckoning      Tloc           59%        N/A       1%          3
i - Dazzling Flash        Conj/Hex       100%       N/A       1%          3
Your spell library was empty.

Dungeon Overview and Level Annotations

Branches:
Dungeon (7/15)             Temple (1/1) D:4          Bailey (1/1)

Altars:
Ashenzari
Cheibriados
Elyvilon
Fedhas
Gozag
Hepliaklqana
Kikubaaqudgha
Makhleb
Okawaru
Qazlal
Ru
Sif Muna
Trog
Uskayaw
Vehumet
Wu Jian
Xom
Yredelemnul
Zin


Innate Abilities, Weirdness & Mutations

You are immune to sickness and miasma.
You are immune to poison.
Your flesh is very heat resistant. (rF++)
You are vulnerable to cold. (rC-)
You float through the air rather than walking.
You learn spells naturally, not from books.
Your magical power is your life essence.
You have superior vitality. (+4 MHP)


Message History

Found a gate leading back out of this place.
There is an empty arch of ancient stone here.
There is a gate leading back out of this place here. 2 electric eels come into view.
The electric eel shoots out a bolt of lightning at you!
The bolt of electricity hits you!
The electric eel shoots out a bolt of lightning at you!
The bolt of electricity hits you!
The electric eel shoots out a bolt of lightning at you!
The bolt of electricity hits you.
The electric eel shoots out a bolt of lightning at you!
The bolt of electricity hits you.
The electric eel shoots out a bolt of lightning at you!
The bolt of electricity hits the electric eel.
The electric eel completely resists.
The bolt of electricity hits you!
* * * LOW HITPOINT WARNING * * *
You feel much better.
An electric eel comes into view.
The electric eel shoots out a bolt of lightning at you!
The bolt of electricity hits you!
Casting: Scorch (safe; 1% risk of failure)
Confirm with . or Enter, or press ? or * to list all spells.
You can't see any susceptible monsters within range! (Use Z to cast anyway.)
The electric eel shoots out a bolt of lightning at you!
The bolt of electricity hits you!
The electric eel shoots out a bolt of lightning at you!
The bolt of electricity hits the electric eel.
The electric eel completely resists.
The bolt of electricity hits you!
* * * LOW HITPOINT WARNING * * *
The electric eel shoots out a bolt of lightning at you!
The bolt of electricity misses you.
The electric eel shoots out a bolt of lightning at you!
The bolt of electricity hits you!
* * * LOW HITPOINT WARNING * * *
The electric eel shoots out a bolt of lightning at you!
The bolt of electricity hits you.
* * * LOW HITPOINT WARNING * * *
The electric eel shoots out a bolt of lightning at you!
The bolt of electricity hits you!
You die...

#≈≈≈S≈# #≈≈≈≈≈#,
, #≈≈≈≈≈#, , *
#≈≈≈≈≈###
#≈S≈≈≈≈.#
######.S≈≈≈≈.#
#......≈≈≈≈≈.#
###......≈≈≈≈≈.#
#.@............+
#∩..∩..........+
#..............+
,
###......≈≈≈≈≈.#
#......≈≈≈≈≈.#
######.≈≈≈≈≈.#
*≈≈≈≈≈≈.
*≈≈≈≈≈## ≈≈≈≈≈#,


You could see 2 electric eels.

Vanquished Creatures
  Pikel (D:6)
  A kobold demonologist (D:6)
  An unseen horror (D:6)
  Sigmund (D:3)
  A steam dragon (D:6)
  A water moccasin (D:5)
  An ice beast (D:5)
  A centaur (D:6)
  A lemure (D:6)
  A kobold brigand (D:6)
  2 bullfrogs (D:6)
  2 scorpions (D:5)
  2 howler monkeys (D:5)
  3 jellies (D:5)
  2 hounds
  An orc priest (D:4)
  An iguana (D:4)
  Jessica (D:3)
  7 adders
  A shadow imp (D:6)
  A white imp (D:6)
  3 ufetubi
  2 worms (D:3)
  A dart slug (D:5)
  4 orcs
  13 ball pythons
  4 endoplasms
  2 giant cockroaches
  8 hobgoblins
  4 jackals (D:5)
  2 quokkas
  4 bats
  5 frilled lizards
  8 goblins
  11 kobolds
  5 rats
109 creatures vanquished.

Vanquished Creatures (collateral kills)
  2 lemures (D:6)
2 creatures vanquished.

Vanquished Creatures (others)
  82 foxfires
82 creatures vanquished.

Grand Total: 193 creatures vanquished

Notes
Turn   | Place    | Note
-------+----------+-------------------------------------------
     0 | D:1      | rocky1 the Djinni Fire Elementalist began the quest for the
                  | Orb.
     0 | D:1      | Reached XP level 1. HP: 15/15 MP: 0/0
   225 | D:1      | Reached XP level 2. HP: 17/21 MP: 0/0
   304 | D:1      | Found a faded altar of an unknown god.
   423 | D:1      | Upgraded the game from 0.29-a0-422-gafbd6decc1 to
                  | 0.29-a0-459-g97dee8cd24
   423 | D:1      | Upgraded the game from 0.29-a0-459-g97dee8cd24 to
                  | 0.29-a0-468-ge57f7f99b4
   624 | D:1      | Reached skill level 3 in Spellcasting
  1334 | D:1      | Reached XP level 3. HP: 18/25 MP: 0/0
  1334 | D:1      | Learned a level 1 spell: Slow
  3167 | D:3      | Noticed Jessica
  3174 | D:3      | Killed Jessica
  3175 | D:3      | Reached XP level 4. HP: 29/31 MP: 0/0
  3182 | D:3      | Reached skill level 4 in Spellcasting
  3371 | D:3      | Reached XP level 5. HP: 28/35 MP: 0/0
  3371 | D:3      | Learned a level 2 spell: Static Discharge
  3470 | D:3      | Noticed Sigmund
  3715 | D:4      | Found a staircase to the Ecumenical Temple.
  3722 | Temple   | Entered the Ecumenical Temple
  3730 | Temple   | Became a worshipper of Ashenzari the Shackled
  4118 | D:4      | Upgraded the game from 0.29-a0-468-ge57f7f99b4 to
                  | 0.29-a0-490-g77b3608bb8
  4154 | D:4      | Reached XP level 6. HP: 31/40 MP: 0/0
  4339 | D:4      | Reached skill level 5 in Spellcasting
  4426 | D:5      | Entered Level 5 of the Dungeon
  4645 | D:5      | Noticed a water moccasin
  4650 | D:5      | Killed a water moccasin
  4651 | D:5      | Reached XP level 7. HP: 40/45 MP: 0/0
  4651 | D:5      | Learned a level 3 spell: Lesser Beckoning
  4658 | D:5      | Reached skill level 6 in Spellcasting
  5457 | D:5      | Reached XP level 8. HP: 31/50 MP: 0/0
  5800 | D:6      | Reached skill level 7 in Spellcasting
  6209 | D:3      | Killed Sigmund
  6384 | D:3      | Reached * piety under Ashenzari
  6578 | D:6      | Noticed Pikel
  6599 | D:6      | Killed Pikel
  6600 | D:6      | Reached skill level 8 in Spellcasting
  6600 | D:6      | Reached XP level 9. HP: 3/55 MP: 0/0
  6600 | D:6      | Learned a level 3 spell: Dazzling Flash
  6916 | D:6      | Noticed a kobold demonologist
  6923 | D:6      | Killed a kobold demonologist
  6924 | D:6      | Reached skill level 9 in Spellcasting
  7211 | D:6      | Reached skill level 1 in Fighting
  7574 | D:6      | Reached ** piety under Ashenzari
  7789 | D:6      | Noticed an unseen horror
  7794 | D:6      | Killed an unseen horror
  7795 | D:6      | Reached skill level 1 in Evocations
  8046 | D:7      | Found a flagged portal.
  8066 | Bailey   | Entered a bailey
  8096 | Bailey   | Killed from afar by an electric eel

Illustrated notes

Levels and vault maps discovered:
D:1:      dpeg_arrival_oval, layout_loops_ring,
          ebering_ecumenical_altar_sacrificial, serial_bayou_pond_e,
          minmay_small_reverse_x
D:2:      layout_loops_corners
D:3:      layout_basic, mainiacjoe_overflow_alcove_1, serial_rivers,
          chequers_serial_rivers_room_a, chequers_serial_rivers_micro_b,
          chequers_serial_rivers_marsh, chequers_serial_rivers_micro_e,
          chequers_serial_rivers_small_b, chequers_serial_rivers_room_b,
          minmay_misc_feat_rugged, uniq_jessica, uniq_sigmund
D:4:      layout_rooms, minmay_temple_entry_metal_lava, serial_glass,
          glass_columns_c, glass_columns_a
D:5:      layout_loops_corners
D:6:      layout_gridville, uniq_pikel
D:7:      layout_cave_pools, nemelex_spade_bored_becter, enter_bailey_2,
          eino_curves_02
Temple:   nicolae_temple_no_exploring_needed
Bailey:   bailey_axe_of_yendor_kennysheep, bailey

Skill      XL: |  1  2  3  4  5  6  7  8  9 |
---------------+----------------------------+-----
Spellcasting   | 3 4 5 6 8 9 |  9.6
Fighting       | 2 |  2.6
Evocations     | 1 |  1.8
Dodging        | |  2.1
Stealth        | |  1.5

Action                   |  1- 3 |  4- 6 |  7- 9 || total
-------------------------+-------+-------+-------++-------
Melee: Short sword       |       |     4 |    18 ||    22
 Cast: Foxfire           |    14 |    11 |    24 ||    49
       Scorch            |    40 |    30 |    56 ||   126
Invok: Curse Item        |       |       |     3 ||     3
  Use: Scroll            |       |     5 |     1 ||     6
       Potion            |       |       |     2 ||     2
 Stab: Sleeping          |       |       |     1 ||     1
Armor: Leather armour    |     1 |     2 |    15 ||    18
Dodge: Dodged            |     9 |    11 |    32 ||    52

Table legend: (Time is in decaauts)
 A = Elapsed time spent in this place.
 B = Non-inter-level travel time spent in this place.
 C = Inter-level travel time spent in this place.
 D = Time resting spent in this place.
 E = Time spent auto-exploring this place.
 F = Levels seen in this place.
 G = Mean time per level.
                   A        B        C        D        E       F      G
               +--------+--------+--------+--------+--------+-----+--------+
         Total |   8098 |   7831 |    267 |   2637 |   4054 |   9 |  899.8 |
       Dungeon |   8051 |   7784 |    267 |   2637 |   4054 |   7 | 1150.1 |
        Temple |     16 |     16 |      0 |      0 |      0 |   1 |   16.0 |
        Bailey |     29 |     29 |      0 |      0 |      0 |   1 |   29.0 |
               +--------+--------+--------+--------+--------+-----+--------+

Top non-repeatable levels by time:
     D:6: 1594 daAuts
     D:1: 1591 daAuts
     D:2: 1504 daAuts
     D:5: 1442 daAuts
     D:3: 954 daAuts
     D:4: 943 daAuts
  Bailey: 29 daAuts
     D:7: 20 daAuts
  Temple: 16 daAuts
